 Dungeon Crawl Stone Soup version 0.19.5 (webtiles) character file.

13636 Nelagord the Warrior (level 11, -1/91 HPs)
             Began as a Demonspawn Gladiator on Mar 16, 2017.
             Was an Elder of Uskayaw.
             Slain by a naga
             ... wielding a +0 hand axe
             ... summoned by a worldbinder
              (8 damage)
             ... on level 2 of the Abyss.
             The game lasted 00:45:29 (9258 turns).

Nelagord the Warrior (Demonspawn Gladiator)         Turns: 9258, Time: 00:45:30

Health: -1/91      AC: 20    Str: 25    XL:     11   Next: 78%
Magic:  0/11       EV: 19    Int: 10    God:    Uskayaw [****..]
Gold:   686        SH:  0    Dex: 18    Spells: 0 memorised, 10 levels left

rFire  . . .     SeeInvis +     q - +3 hand axe (chop)
rCold  . . .     Gourm    .     o - +2 ring mail of Resonance {Str+4}
rNeg   . . .     Faith    .     (no shield)
rPois  .         Spirit   +     (helmet restricted)
rElec  .         Reflect  .     k - +0 cloak
rCorr  .         Harm     .     t - +2 pair of gloves
MR     .....                    (no boots)
Stlth  ++........               c - amulet of guardian spirit
                                j - ring of see invisible
                                H - +5 ring of strength

@: sanguine armour, very slightly contaminated
A: horns 2, agile 1, blurry vision 1, frail 1, nightstalker 1, spiny 2, sanguine
armour 2
a: Stomp, Line Pass, Renounce Religion


You were on level 2 of the Abyss.
You worshipped Uskayaw.
Uskayaw was noncommittal.
You were very hungry.

You visited 1 branch of the dungeon, and saw 11 of its levels.
You visited the Abyss 1 time.
You also visited: Bailey.

You collected 686 gold pieces.

Inventory:

Hand Weapons
 i - a cursed -2 dagger
 q - a +3 hand axe of chopping (weapon)
Missiles
 d - 4 throwing nets (quivered)
 z - 44 tomahawks of returning
Armour
 k - a +0 cloak (worn)
 o - the +2 ring mail of Resonance (worn) {Str+4}
   (You found it on level 5 of the Dungeon)

   It affects your strength (+4).
 t - a +2 pair of gloves (worn)
 A - a +0 pair of gloves
Jewellery
 c - an amulet of guardian spirit (around neck)
 j - a ring of see invisible (right hand)
 p - an uncursed ring of magical power {unknown}
 H - a +5 ring of strength (left hand)
Wands
 g - a wand of flame (48/48)
 w - a wand of iceblast (4/15)
 y - a wand of enslavement (18/24)
Scrolls
 a - a scroll of amnesia
 e - a scroll of recharging
 h - a scroll of teleportation
 m - a scroll of identify
 v - 2 scrolls of magic mapping
 E - 3 scrolls of remove curse
Potions
 b - a potion of cancellation {unknown}
 f - 4 potions of brilliance
 x - 5 potions of flight
Comestibles
 l - 2 slices of pizza
 r - 12 bread rations
 G - a beef jerky


   Skills:
 * Level 15.1 Fighting
   Level 2.6 Long Blades
 - Level 1.7 Throwing
 - Level 0.6 Armour
 + Level 10.3 Dodging


You had 10 spell levels left.
You didn't know any spells.

Dungeon Overview and Level Annotations

Branches:
Dungeon (12/15)            Temple (0/1) D:6            Lair (0/6) D:8
    Orc: D:9-12

Altars:
Cheibriados
Dithmenos
Fedhas
Hepliaklqana
Trog
Uskayaw
Vehumet
The Shining One

Annotations:
D:6 1 runed door
D:12 Psyche


Innate Abilities, Weirdness & Mutations

You have a pair of horns on your head.
You are slightly more attuned to the shadows.
You are mostly covered in sharp spines.
When seriously injured, your bleeding wounds create thick armour. (AC +9)
You are agile. (Dex +2)
Scrolls take you a little longer to read.
You are frail. (-10% HP)


Message History

The ynoxinul is struck by your spines.
You kill the ynoxinul!
The ufetubus disappears in a puff of smoke!
The rakshasa is struck by your spines.
The rakshasa hits you but does no damage.
Uskayaw will force your foes to share their pain.
Uskayaw links your audience in an emotional bond!
A worldbinder comes into view.
You slash the rakshasa! Your headbutt misses the rakshasa.
The rakshasa is almost dead.
You are feeling very hungry.
The rakshasa is no longer sharing its pain.
The rakshasa is struck by your spines. The rakshasa closely misses you.
The worldbinder calls forth creatures from the Snake Pit!
You slash the rakshasa!
You kill the rakshasa!
You barely miss the naga.
The worldbinder is no longer sharing its pain.
The naga is struck by your spines. The naga hits you with a hand axe!
You die...

..# # #
##...... .
###.. t# . #
#.#. .. . #
#..§.## # # #
##.##N# # # # #
#.#. # ..#. .#
#Nx####.. ##.
#. §#@..#. ## .
. . ####...#
..# .# . .
...#.#.#.#. R.
..####.###..#..
. # . #. .#.# #
# ... S ##.
.### # . #. #.#
# # . # #. ##.#


You could see a worldbinder and 2 nagas.

Vanquished Creatures
  A tentacled starspawn (Abyss:2)
  The ghost of Paps the Protected, a novice GrFi of Okawaru (Bailey)
  A large abomination (Abyss:2)
  The ghost of Nelagord the Fighter, a novice DsGl of Uskayaw (D:6)
  A hill giant (D:11)
  2 ugly things
  An apocalypse crab (Abyss:2)
  Prince Ribbit (D:7)
  A hippogriff (D:5)
  A two-headed ogre (D:9)
  17 yaks
  A spriggan (D:7)
  Sigmund (D:2)
  A water elemental (Abyss:2)
  2 ynoxinuls (Abyss:2)
  Grum (D:8)
  3 hungry ghosts
  Menkaure (D:5)
  2 wargs (D:8)
  2 small abominations (Abyss:2)
  5 orc warriors
  4 ice beasts
  A sky beast (D:11)
  2 phantoms
  3 ogres
  3 wolves (D:8)
  2 centaurs
  3 bullfrogs
  A big kobold (D:8)
  A gnoll sergeant (D:8)
  4 scorpions
  4 killer bees (D:8)
  An electric eel (D:9)
  A howler monkey (D:4)
  A crimson imp (D:7)
  A bullfrog zombie (D:11)
  9 orc priests
  5 hounds
  3 jellies (D:8)
  A centaur skeleton (D:4)
  Terence (D:2)
  3 iguanas
  14 orc wizards
  7 worker ants
  A hound zombie (D:5)
  A worker ant zombie (D:5)
  10 gnolls
  13 adders
  5 shadow imps
  A white imp (Abyss:2)
  An ooze (D:1)
  An adder zombie (D:9)
  3 adder skeletons
  5 worms
  2 dart slugs (D:2)
  5 leopard geckos
  47 orcs
  A ball python (D:1)
  4 giant cockroaches
  12 goblins
  6 hobgoblins
  4 jackals (D:7)
  18 kobolds
  6 quokkas
  2 bats
  3 frilled lizards (D:1)
  A quokka skeleton (D:4)
  12 rats
286 creatures vanquished.

Vanquished Creatures (others)
  3 starspawn tentacles (Abyss:2)
3 creatures vanquished.

Grand Total: 289 creatures vanquished

Notes
Turn   | Place    | Note
-------+----------+-------------------------------------------
     0 | D:1      | Nelagord the Demonspawn Gladiator began the quest for the Orb.
     0 | D:1      | Reached XP level 1. HP: 16/16 MP: 1/1
   152 | D:1      | Gained mutation: You have a pair of small horns on your head. [demonic ancestry]
   152 | D:1      | Reached XP level 2. HP: 13/23 MP: 2/2
   549 | D:1      | Reached skill level 3 in Fighting
   675 | D:2      | Gained mutation: You are partially covered in sharp spines. [demonic ancestry]
   675 | D:2      | Reached XP level 3. HP: 19/29 MP: 3/3
   785 | D:2      | Noticed Terence
   793 | D:2      | Killed Terence
  1077 | D:2      | Reached XP level 4. HP: 34/37 MP: 4/4
  1177 | D:2      | Noticed Sigmund
  1236 | D:2      | Killed Sigmund
  1236 | D:2      | Reached skill level 5 in Fighting
  1236 | D:2      | Gained mutation: You have a pair of horns on your head. [demonic ancestry]
  1236 | D:2      | Reached XP level 5. HP: 44/44 MP: 5/5
  1242 | D:2      | Found a hazy altar of Hepliaklqana.
  1346 | D:2      | Gained mutation: When seriously injured, your bleeding wounds create armour. (AC +9) [demonic ancestry]
  1346 | D:2      | Reached XP level 6. HP: 51/51 MP: 6/6
  1367 | D:2      | You fall through a shaft for 2 floors!
  1431 | D:3      | Found a hide-covered altar of Uskayaw.
  1546 | D:3      | Found a snail-covered altar of Cheibriados.
  1933 | D:4      | Found a blossoming altar of Fedhas.
  1950 | D:4      | Reached skill level 6 in Fighting
  2071 | D:3      | Became a worshipper of Uskayaw the Reveler
  2128 | D:4      | Reached * piety under Uskayaw
  2130 | D:4      | Gained mutation: You are mostly covered in sharp spines. [demonic ancestry]
  2130 | D:4      | Reached XP level 7. HP: 58/59 MP: 7/7
  2130 | D:4      | Reached ** piety under Uskayaw
  2262 | D:4      | Reached *** piety under Uskayaw
  2306 | D:4      | Noticed a moth of wrath
  2309 | D:4      | Found a bloodstained altar of Trog.
  2386 | D:4      | Reached skill level 5 in Dodging
  2462 | D:5      | Entered Level 5 of the Dungeon
  2464 | D:5      | Found a glowing golden altar of the Shining One.
  2546 | D:5      | Reached skill level 7 in Fighting
  2804 | D:5      | Reached **** piety under Uskayaw
  2855 | D:5      | Got a crude ring mail
  2892 | D:5      | Gained mutation: You are frail. (-10% HP) [potion of mutation]
  2892 | D:5      | Gained mutation: You are agile. (Dex +2) [potion of mutation]
  2892 | D:5      | Gained mutation: Scrolls take you a little longer to read. [potion of mutation]
  3093 | D:5      | Noticed a hippogriff
  3103 | D:5      | Killed a hippogriff
  3103 | D:5      | Reached skill level 8 in Fighting
  3103 | D:5      | Reached XP level 8. HP: 35/61 MP: 8/8
  3343 | D:5      | Noticed Menkaure
  3350 | D:5      | Killed Menkaure
  3560 | D:5      | Identified the +2 ring mail of Resonance {Str+4} (You found it on level 5 of the Dungeon)
  3715 | D:5      | Reached skill level 9 in Fighting
  4351 | D:6      | Reached XP level 9. HP: 62/70 MP: 9/9
  4354 | D:6      | Reached skill level 10 in Fighting
  4358 | D:6      | Reached ***** piety under Uskayaw
  4366 | D:6      | Reached ****** piety under Uskayaw
  4422 | D:6      | Found a runed door.
  4422 | D:6      | Found a glowing golden altar of the Shining One.
  4422 | D:6      | Noticed an angel
  4606 | D:6      | Found a staircase to the Ecumenical Temple.
  4662 | D:6      | Noticed Nelagord's ghost (novice DsGl)
  4686 | D:6      | Killed Nelagord's ghost
  4686 | D:6      | Reached skill level 11 in Fighting
  4781 | D:7      | Noticed Prince Ribbit
  4808 | D:7      | Killed Prince Ribbit
  5238 | D:7      | Gained mutation: You are slightly more attuned to the shadows. [demonic ancestry]
  5238 | D:7      | Reached XP level 10. HP: 74/80 MP: 10/10
  5618 | D:7      | Reached skill level 12 in Fighting
  5936 | D:8      | Noticed Grum
  5954 | D:8      | Killed Grum
  6083 | D:8      | Found a flagged portal.
  6096 | Bailey   | Entered a bailey
  6096 | Bailey   | Noticed Paps's ghost (novice GrFi)
  6122 | Bailey   | Killed Paps's ghost
  6580 | D:8      | Reached skill level 13 in Fighting
  6696 | D:8      | Found a staircase to the Lair.
  6844 | D:8      | Found a snail-covered altar of Cheibriados.
  7086 | D:9      | Gained mutation: When seriously injured, your bleeding wounds create thick armour. (AC +9) [demonic ancestry]
  7086 | D:9      | Reached XP level 11. HP: 59/88 MP: 6/11
  7629 | D:9      | You fall through a shaft for 2 floors!
  7629 | D:11     | Found a radiant altar of Vehumet.
  7678 | D:11     | Noticed a purple ugly thing
  7691 | D:11     | Killed a purple ugly thing
  7691 | D:11     | Reached skill level 14 in Fighting
  8197 | D:11     | Noticed a hill giant
  8208 | D:11     | Killed a hill giant
  8660 | D:12     | Found a shadowy altar of Dithmenos.
  8726 | D:12     | Noticed a green ugly thing
  8759 | D:12     | Killed a green ugly thing
  8891 | D:12     | Noticed Psyche
  8992 | D:12     | Cast into level 2 of the Abyss (Psyche)
  9178 | Abyss:2  | Noticed a large abomination
  9179 | Abyss:2  | Noticed a tentacled starspawn
  9194 | Abyss:2  | Killed a tentacled starspawn
  9194 | Abyss:2  | Reached skill level 10 in Dodging
  9199 | Abyss:2  | Killed a large abomination
  9214 | Abyss:2  | Reached skill level 15 in Fighting
  9223 | Abyss:2  | Noticed a rakshasa
  9258 | Abyss:2  | Slain by a naga

Skill      XL: |  1  2  3  4  5  6  7  8  9 10 11 |
---------------+----------------------------------+-----
Fighting       | 3 5 6 8 9 11 13 15 | 15.1
Dodging        | 3 4 5 6 8 9 10 | 10.3
Long Blades    | |  2.6
Throwing       | |  1.7
Armour         | |  0.6

Action                   |  1- 3 |  4- 6 |  7- 9 | 10-12 || total
-------------------------+-------+-------+-------+-------++-------
Melee: Long sword        |    70 |     2 |       |       ||    72
       Headbutt          |    10 |    13 |    46 |    85 ||   154
       Dagger            |       |    80 |   216 |   161 ||   457
       Hand axe          |       |       |       |   157 ||   157
Throw: Throwing net      |       |       |     2 |     4 ||     6
Invok: Stomp             |       |       |       |    11 ||    11
Evoke: Box of beasts     |       |       |       |     1 ||     1
  Use: Potion            |       |     8 |     6 |     6 ||    20
       Scroll            |       |     6 |    16 |     8 ||    30
 Stab: Sleeping          |     1 |       |     1 |     3 ||     5
       Paralysed         |       |       |     9 |    23 ||    32
       Invisible         |       |       |     4 |       ||     4
  Eat: Bread ration      |       |     1 |       |       ||     1
       Meat ration       |       |       |     2 |     3 ||     5
       Pizza             |       |       |       |     1 ||     1
Armor: Leather armour    |    11 |    18 |    19 |       ||    48
       Ring mail         |       |       |    21 |    84 ||   105
Dodge: Dodged            |    44 |    48 |   116 |   251 ||   459
       Rpst.: Long sword |    12 |     1 |       |       ||    13
